 Dungeon Crawl Stone Soup version 0.29.0-4-gdea44cf6ec (webtiles) character file.

Game seed: 7641487230641840701

11 qw the Sneak (level 2, -2/19 HPs)
             Began as a Gargoyle Delver on Sept 10, 2022.
             Slain by an orc
             ... wielding a +0 short sword
              (4 damage)
             ... on level 5 of the Dungeon.
             The game lasted 00:00:02 (69 turns).

qw the Sneak (Gargoyle Delver)                        Turns: 69, Time: 00:00:02

Health: -2/19      AC:  5    Str: 15    XL:     2   Next: 25%
Magic:  2/2        EV: 11    Int: 10    God:
Gold:   0          SH:  0    Dex: 11    Spells: 1/1 levels left

rFire   . . .      SeeInvis .   a - +0 hand axe
rCold   . . .      Faith    .   (no shield)
rNeg    + . .      Spirit   .   b - +0 leather armour
rPois   inf        Reflect  .   (no helmet)
rElec   +          Harm     .   (no cloak)
rCorr   .          Rampage  .   (no gloves)
Will    .....                   (no boots)
Stlth   +++.......              (no amulet)
HPRegen 0.06/turn               (no ring)
MPRegen 0.08/turn               (no ring)

@: no status effects
A: sickness immunity, AC +2, negative energy resistance 1, electricity
resistance, torment resistance 1, petrification resistance
a: no special abilities


You were on level 5 of the Dungeon.
You visited 1 branch of the dungeon, and saw 1 of its levels.


Innate Abilities, Weirdness & Mutations

You are immune to sickness and miasma.
Your stone body is resilient. (AC +2)
You are immune to poison.
You resist negative energy. (rN+)
You are resistant to electric shocks. (rElec)
You are resistant to unholy torment.
You are immune to petrification.


   Skills:
 - Level 3.2 Fighting
 + Level 2.6 Axes
 - Level 1.5 Dodging
 - Level 5.4 Stealth


You had one spell level left.
You didn't know any spells.
Your spell library was empty.

Inventory:

Hand Weapons
 a - a +0 hand axe (weapon)
Armour
 b - a +0 leather armour (worn)
 h - a +0 buckler
Wands
 g - a wand of digging (3)
Scrolls
 c - a scroll of fog
 d - a scroll of magic mapping
 e - a scroll of fear
 i - a scroll of identify {unknown}
Potions
 f - a potion of haste

Dungeon Overview and Level Annotations

Branches:
Dungeon (5/15)
 Temple: D:4-7

Altars:


Message History

The adder is heavily wounded.
You hit the orc. The adder bites you but does no damage.
The orc completely misses you. The adder barely misses you.
The orc hits you but does no damage.
You hit the adder but do no damage.
The adder is heavily wounded.
You barely miss the orc. The adder bites you.
The adder bites you but does no damage.
You miss the adder.
The adder is heavily wounded.
You barely miss the orc. You hit the orc. The adder barely misses you.
The orc closely misses you. The orc barely misses you.
You closely miss the orc.
The orc is severely wounded.
You barely miss the adder. You hit the orc.
The adder bites you but does no damage. The adder barely misses you.
You barely miss the orc.
The orc is severely wounded.
You hit the orc.
You kill the orc!
You hit the adder.
You kill the adder!
The orc closely misses you.
Your Axes skill increases to level 2!
You have reached level 2!
You completely miss the orc.
The orc is severely wounded.
You hit the orc but do no damage.
The orc is severely wounded.
The orc barely misses you. The orc hits you with a +0 short sword.
The orc hits you with a +0 falchion.
You barely miss the orc.
The orc is severely wounded.
You barely miss the orc. The orc hits you but does no damage. x2
You hit the orc but do no damage.
The orc is severely wounded.
You barely miss the orc. The orc closely misses you.
The orc hits you with a +0 short sword.
You die...

#####... ........
........
####+###........
..............
............
.......o#%########
.......o@........#
......
777...777........#
.... #7.
#7.......# ... 7
7.+###.## #.#
7....#.######.##
.....#......#...
......#......#...
77.....#......#>..
#7....#......#...


You could see 2 orcs.

Vanquished Creatures
  An adder (D:5)
  An orc (D:5)
2 creatures vanquished.

Notes
Turn   | Place    | Note
-------+----------+-------------------------------------------
     0 | D:5      | qw the Gargoyle Delver began the quest for the Orb.
     0 | D:5      | Reached XP level 1. HP: 14/14 MP: 1/1
     0 | D:5      | 0 ||| qw: Version: 0.1-a-116-g5d60599
     0 | D:5      | 0 ||| qw: Game counter: 8476
     0 | D:5      | 0 ||| qw: Always use a shield: true
     0 | D:5      | 0 ||| qw: God list: Okawaru
     0 | D:5      | 0 ||| qw: Allow faded altars: false
     0 | D:5      | 0 ||| qw: Do Orc after D:15 true
     0 | D:5      | 0 ||| qw: Do second Lair branch before Depths: true
     0 | D:5      | 0 ||| qw: Lair rune preference: random
     0 | D:5      | 0 ||| qw: Plans: Normal
     0 | D:5      | 0 ||| PLANNING D:1-11
    54 | D:5      | 54 ||| Stepping ~*~*~tactically~*~*~ (stealth).
    66 | D:5      | Reached XP level 2. HP: 13/19 MP: 2/2
    67 | D:5      | HP: 2/19 [orc/+0 falchion (6)]
    69 | D:5      | Slain by an orc

Levels and vault maps discovered:
D:5:      layout_gridville, minmay_temple_entry_statues_fountains,
          minmay_stone_trees_medium

Skill      XL: |  1 |
---------------+----+-----
Axes           | 2 |  2.6
Fighting       | |  3.2
Dodging        | |  1.5
Stealth        | |  5.4

Action                   || total
-------------------------++-------
Melee: Hand axe          ||    13
Armor: Leather armour    ||     8
Dodge: Dodged            ||    12

Table legend:
 A = Non-vault XP
 B = Vault XP
 C = Vault XP percentage of total XP
 D = Non-vault monster count
 E = Vault monster count
 F = Vault count percentage of total count
                 A         B        C        D         E       F
            +---------+---------+-------+---------+---------+-------
      Total |      16 |       0 |   0.0 |       2 |       0 |   0.0
            +---------+---------+-------+---------+---------+-------
        D:5 |      16 |       0 |   0.0 |       2 |       0 |   0.0
            +---------+---------+-------+---------+---------+-------
